 Dungeon Crawl Stone Soup version 0.28-a0-987-g8383568036 (webtiles) character file.

Game seed: 14410703080823419143

10174 Decritt the Fighter (level 11, -16/75 HPs)
             Began as a Gargoyle Fighter on Dec 4, 2021.
             Was a High Priest of Zin.
             Killed from afar by Sonja (39 damage)
             ... with a bolt of acid
             ... on level 11 of the Dungeon.
             The game lasted 00:28:25 (12121 turns).

Decritt the Fighter (Gargoyle Fighter)             Turns: 12121, Time: 00:28:26

Health: -16/75     AC: 25    Str: 29    XL:     11   Next: 58%
Magic:  14/14      EV: 17    Int:  9    God:    Zin [*****.]
Gold:   536        SH:  6    Dex: 18    Spells: 10/10 levels left

rFire   + + .      SeeInvis .   p - +0 hand axe (elec)
rCold   + + .      Faith    .   c - +0 buckler
rNeg    + + .      Spirit   .   n - +1 scale mail {rF+}
rPois   ∞          Reflect  .   d - +4 helmet of Kinyliluz {+Inv rC+ Dex+3}
rElec   +          Harm     .   e - scarf {rC+ rF+}
rCorr   .          Rampage  .   f - +1 pair of gloves
Will    .....                   (no boots)
Stlth   +.........              w - amulet of regeneration
HPRegen 1.02/turn               C - ring "Weicor" {rN+ EV+4 Str+5 Stlth+}
MPRegen 0.14/turn               A - +6 ring of dexterity

@: mighty, attractive, studying Dodging
A: sickness immunity, AC +8, negative energy resistance 1, electricity
resistance, torment resistance 1, petrification resistance
a: Renounce Religion, Evoke Invisibility, Recite, Vitalisation, Imprison,
Sanctuary, Donate Gold


You were on level 11 of the Dungeon.
You worshipped Zin.
Zin was extremely pleased with you.
You visited 2 branches of the dungeon, and saw 12 of its levels.

You collected 1545 gold pieces.
You spent 864 gold pieces at shops.
You donated 145 gold pieces to Zin.

Inventory:

Hand Weapons
 p - a +0 hand axe of electrocution (weapon)
Missiles
 h - 20 poisoned darts (quivered)
 m - 6 javelins
Armour
 c - a +0 buckler (worn)
 d - the +4 helmet of Kinyliluz (worn) {+Inv rC+ Dex+3}
   (You acquired it on level 4 of the Dungeon)

   Dex:       It affects your dexterity (+3).
   rC:        It protects you from cold.
   +Inv:      It lets you turn invisible.
 e - a scarf of resistance (worn)
 f - a +1 pair of gloves (worn)
 n - a +1 scale mail of fire resistance (worn)
Jewellery
 a - a ring of protection from cold
 w - an amulet of regeneration (around neck)
 y - a ring of resist corrosion
 A - a +6 ring of dexterity (right hand)
 C - the ring "Weicor" (left hand) {rN+ EV+4 Str+5 Stlth+}
   (You bought it in a shop on level 7 of the Dungeon)

   [ring of evasion]

   EV:        It affects your evasion (+4).
   Str:       It affects your strength (+5).
   rN:        It protects you from negative energy.
   Stlth:     It makes you more stealthy.
Wands
 q - a wand of flame (78)
 t - a wand of digging (3)
 E - a wand of iceblast (12)
Scrolls
 b - a scroll of blinking
 j - 2 scrolls of teleportation
 l - 4 scrolls of immolation
 o - a scroll of magic mapping
 r - a scroll of identify
 v - a scroll of enchant armour
 z - a scroll of noise {unknown}
Potions
 k - a potion of cancellation
 s - a potion of might
 u - a potion of berserk rage {unknown}
 x - a potion of mutation
 B - 3 potions of curing
 D - 2 potions of degeneration {unknown}
 F - 3 potions of haste


   Skills:
 * Level 11.6 Fighting
 * Level 9.3 Axes
 + Level 9.1 Armour
 + Level 4.5 Dodging
 + Level 6.4 Shields
 + Level 4.6 Invocations


You had 10 spell levels left.
You didn't know any spells.
Your spell library contained the following spells:

 Spells                   Type           Power      Damage    Failure   Level
 Foxfire                  Conj/Fire      0%         2x1d4     58%         1
 Magic Dart               Conj           0%         1d3       58%         1
 Slow                     Hex            0%         N/A       58%         1
 Searing Ray              Conj           0%         2d4       75%         2
 Confusing Touch          Hex            0%         N/A       92%         3
 Conjure Flame            Conj/Fire      0%         6-21      92%         3
 Dazzling Flash           Conj/Hex       0%         N/A       92%         3
 Gell's Gravitas          Tloc           0%         N/A       92%         3
 Inner Flame              Hex/Fire       0%         N/A       92%         3
 Stone Arrow              Conj/Erth      0%         3d7       92%         3
 Teleport Other           Tloc           0%         N/A       92%         3
 Vampiric Draining        Necr           0%         2d6       92%         3
 Animate Armour           Summ/Erth      0%         N/A       100%        4
 Flame Wave               Conj/Fire      0%         2d4       100%        4
 Fulminant Prism          Conj/Hex       0%         3d6       100%        4
 Iskenderun's Mystic Bla  Conj/Tloc      0%         2d3       100%        4
 Dispersal                Tloc           0%         N/A       100%        6
 Starburst                Conj/Fire      0%         6d3       100%        6
 Lehudib's Crystal Spear  Conj/Erth      0%         10d2      100%        8


Dungeon Overview and Level Annotations

Branches:
Dungeon (11/15)            Temple (1/1) D:6            Lair (0/6) D:10
    Orc (0/2) D:9

Altars:
Ashenzari
Cheibriados
Dithmenos
Elyvilon
Fedhas
Gozag
Hepliaklqana
Kikubaaqudgha
Makhleb
Nemelex Xobeh
Okawaru
Qazlal
Ru
Sif Muna
Trog
Uskayaw
Vehumet
Wu Jian
Xom
Yredelemnul
Zin
The Shining One

Shops:
D:7 =   D:8 *

Annotations:
D:4 2 transporters, Decritt's ghost, novice TeAE
D:11 Sonja


Innate Abilities, Weirdness & Mutations

You are immune to sickness and miasma.
Your stone body is resilient. (AC +8)
You are immune to poison.
You resist negative energy. (rN+)
You are resistant to electric shocks. (rElec)
You are resistant to unholy torment.
You are immune to petrification.


Message History

You feel much better.
Sonja gestures wildly while chanting.
Sonja blinks!
Really quaff the potion of attraction?
You feel attractive to monsters. Sonja is attracted toward you.
You completely miss Sonja. Sonja hits you but does no damage.
Space warps horribly around you!
* * * LOW HITPOINT WARNING * * *
Sonja barely misses you.
Sonja hits you with a +1 short sword of distortion.
* * * LOW HITPOINT WARNING * * *
Space warps horribly around you!!
* * * LOW HITPOINT WARNING * * *
Sonja hits you with a +1 short sword of distortion.
* * * LOW HITPOINT WARNING * * *
Sonja barely misses you. You block Sonja's attack.
Unknown command.
You feel much better. Sonja completely misses you. x2
You block Sonja's attack.
You feel very mighty all of a sudden.
Sonja mumbles some strange words.
Sonja blinks!
Sonja is attracted toward you.
You slice Sonja!!
Sonja is severely wounded.
Sonja hits you with a +1 short sword of distortion.
* * * LOW HITPOINT WARNING * * *
Space warps horribly around you!!
* * * LOW HITPOINT WARNING * * *
You block Sonja's attack. Sonja hits you but does no damage.
Space warps around you.
* * * LOW HITPOINT WARNING * * *
Sonja gestures wildly while chanting.
Sonja blinks!
Sonja is attracted toward you.
You miss Sonja.
Sonja is severely wounded.
Sonja says, "If only old Madame Brzewit could see me now!"
Sonja zaps a wand.
The bolt of acid hits you!!!
Ouch! That really hurt!
You die...

.# #.# #.# #.#
#.# # #?#
#.#####.#######
#..§§@K........
#/#####........
# #..§.....
#........
#........
#.#####........
#..............
#.#####........
#†.......


You could see Sonja.

Vanquished Creatures
  A two-headed ogre (D:8)
  Nergalle (D:10)
  An ugly thing (D:8)
  2 centaur zombies
  An unseen horror (D:10)
  2 komodo dragons (D:10)
  A kobold demonologist (D:9)
  A tengu conjurer (D:10)
  2 trolls
  2 hornets
  Eustachio (D:4)
  2 wraiths
  5 yaks
  Grum (D:8)
  2 steam dragons
  3 acid dragons
  3 water moccasins
  4 orc warriors
  3 black bears
  A necrophage (D:4)
  A hornet zombie (D:8)
  3 wolves (D:8)
  4 centaurs
  A phantom (D:5)
  3 kobold brigands
  3 scorpions
  2 bullfrogs (D:10)
  A gnoll sergeant (D:9)
  2 wyvern zombies
  A wyvern skeleton (D:6)
  2 water moccasin skeletons
  9 wights
  A howler monkey (D:9)
  2 jellies
  A hound (D:2)
  A gnoll shaman (D:7)
  3 orc priests
  2 centaur skeletons
  11 orc wizards
  Terence (D:3)
  Natasha (thrice) (D:2)
  A killer bee zombie (D:9)
  2 howler monkey zombies
  13 gnolls
  8 adders
  3 shadow imps
  An ufetubus (D:7)
  A worm (D:4)
  9 dart slugs
  34 orcs
  7 ball pythons
  5 endoplasms
  3 giant cockroaches
  11 goblins
  7 hobgoblins
  A jackal (D:4)
  19 kobolds
  3 quokkas
  2 bats
  5 frilled lizards
  11 rats
242 creatures vanquished.

Vanquished Creatures (others)
  2 kobolds (D:8)
  23 fungi
  25 plants (D:10)
50 creatures vanquished.

Grand Total: 292 creatures vanquished

Notes
Turn   | Place    | Note
-------+----------+-------------------------------------------
     0 | D:1      | Decritt the Gargoyle Fighter began the quest for the Orb.
     0 | D:1      | Reached XP level 1. HP: 14/14 MP: 1/1
   159 | D:1      | Reached XP level 2. HP: 19/19 MP: 2/2
   803 | D:1      | Reached XP level 3. HP: 24/24 MP: 3/3
   968 | D:1      | Found a faded altar of an unknown god.
  1141 | D:2      | Noticed Natasha
  1148 | D:2      | Killed Natasha
  1149 | D:2      | Reached skill level 4 in Fighting
  1332 | D:2      | Reached XP level 4. HP: 25/30 MP: 4/4
  1434 | D:2      | Noticed Natasha
  1448 | D:2      | Killed Natasha
  1451 | D:2      | Reached XP level 5. HP: 30/34 MP: 5/5
  1558 | D:2      | Noticed Natasha
  1566 | D:2      | Killed Natasha
  2155 | D:3      | Noticed Terence
  2162 | D:3      | Killed Terence
  2299 | D:3      | Reached skill level 5 in Fighting
  2784 | D:4      | Noticed an acid dragon
  3062 | D:4      | Noticed Decritt's ghost (novice TeAE)
  3063 | D:4      | Found a transporter.
  3063 | D:4      | Noticed a black bear
  3072 | D:4      | Found a transporter.
  3080 | D:4      | Reached XP level 6. HP: 40/40 MP: 6/6
  3144 | D:4      | Killed an acid dragon
  3207 | D:4      | Noticed a necrophage
  3804 | D:4      | Noticed Eustachio
  3856 | D:4      | Killed Eustachio
  3857 | D:4      | Reached skill level 6 in Fighting
  3857 | D:4      | Reached skill level 5 in Armour
  3857 | D:4      | Reached XP level 7. HP: 31/47 MP: 7/7
  4048 | D:4      | Noticed a hornet
  4075 | D:4      | Killed a hornet
  4199 | D:4      | Reached skill level 7 in Fighting
  4327 | D:4      | Identified a scroll of acquirement
  4327 | D:4      | Acquired the +4 helmet of Kinyliluz {+Inv rC+ Dex+3}
  4500 | D:5      | Entered Level 5 of the Dungeon
  4527 | D:5      | Reached XP level 8. HP: 53/53 MP: 8/8
  5496 | D:5      | Reached skill level 8 in Fighting
  5861 | D:6      | Reached skill level 5 in Axes
  6319 | D:6      | Reached XP level 9. HP: 35/60 MP: 9/9
  6815 | D:6      | Acquired the +8 broad axe of Intimidation {vamp, Fly rCorr
                  | Stlth+}
  7257 | D:6      | Found a staircase to the Ecumenical Temple.
  7261 | Temple   | Entered the Ecumenical Temple
  7492 | Temple   | Became a worshipper of Zin the Law-Giver
  7492 | Temple   | Reached * piety under Zin
  7631 | D:7      | Reached skill level 9 in Fighting
  7637 | D:7      | Reached ** piety under Zin
  8191 | D:7      | Found Zoxin's Jewellery Emporium.
  8349 | D:7      | Acquired 958 gold pieces
  8352 | D:7      | Reached *** piety under Zin
  8352 | D:7      | Reached **** piety under Zin
  8387 | D:7      | Bought the ring "Weicor" {rN+ EV+4 Str+5 Stlth+} for 786
                  | gold pieces
  8855 | D:8      | Found Xesmawk's General Store.
  8860 | D:8      | Bought 3 scrolls of identify for 78 gold pieces
  8873 | D:8      | Noticed a hornet
  8887 | D:8      | Killed a hornet
  8888 | D:8      | Reached skill level 1 in Invocations
  8966 | D:8      | Reached skill level 1 in Dodging
  8966 | D:8      | Reached XP level 10. HP: 67/67 MP: 9/11
  8972 | D:8      | Noticed Grum
  8986 | D:8      | Killed Grum
  9210 | D:8      | Noticed a two-headed ogre
  9224 | D:8      | Killed a two-headed ogre
  9225 | D:8      | Reached skill level 10 in Fighting
  9225 | D:8      | Reached skill level 5 in Shields
  9508 | D:8      | Acquired a manual of Dodging
  9972 | D:8      | Noticed a purple ugly thing
  9980 | D:8      | Killed a purple ugly thing
 10127 | D:9      | Found a shimmering altar of Xom.
 10131 | D:9      | Found a shimmering altar of Xom.
 10131 | D:9      | Found a shimmering altar of Xom.
 10131 | D:9      | Found a shimmering altar of Xom.
 10132 | D:9      | Found a shimmering altar of Xom.
 10140 | D:9      | Found a shimmering altar of Xom.
 10140 | D:9      | Found a shimmering altar of Xom.
 10210 | D:9      | Reached ***** piety under Zin
 10489 | D:9      | Noticed a kobold demonologist
 10501 | D:9      | Killed a kobold demonologist
 10561 | D:9      | Found a staircase to the Orcish Mines.
 10712 | D:10     | Entered Level 10 of the Dungeon
 10884 | D:10     | Reached XP level 11. HP: 73/73 MP: 13/13
 11007 | D:10     | Reached skill level 11 in Fighting
 11079 | D:10     | Found a staircase to the Lair.
 11659 | D:10     | Noticed Nergalle
 11680 | D:10     | Killed Nergalle
 12105 | D:11     | Noticed Sonja
 12121 | D:11     | Killed from afar by Sonja

Illustrated notes

Levels and vault maps discovered:
D:1:      wander_arrival_desolate, layout_loops_ring,
          shapermc_ecumenical_altar_mp_vishouse, palyth_stone_intersect,
          minmay_rat_gold_closets
D:2:      layout_basic, minmay_tiny_reverse_x, uniq_natasha
D:3:      kennysheep_slugbush, layout_basic, uniq_terence
D:4:      layout_basic, gammafunk_ghost_arena, minmay_fractal_squares_5,
          uniq_eustachio
D:5:      layout_cave_pools
D:6:      layout_rooms, temple_hall_moat, kennysheep_nub
D:7:      layout_cave_pods, serial_shops, nicolae_shop_crystal
D:8:      layout_gridville, serial_shops, kennysheep_little_box, uniq_grum
D:9:      layout_rooms, nicolae_xom_altar_mimics, orc_0_dummy,
          minmay_misc_feat_doors, minmay_misc_feat_plants
D:10:     layout_long_grid, due_lair_maze_entry_diamond, uniq_nergalle
D:11:     layout_small_grid, uniq_sonja
Temple:   roderic_octagonal_lattice_temple

Skill      XL: |  1  2  3  4  5  6  7  8  9 10 11 |
---------------+----------------------------------+-----
Axes           | 2 3 4 5 7 8 9 |  9.3
Fighting       | 4 5 6 7 8 9 10 11 | 11.6
Shields        | 4 5 6 |  6.4
Armour         | 4 5 6 7 8 9 |  9.1
Invocations    | 1 3 4 |  4.6
Dodging        | 1 3 4 |  4.5

Action                   |  1- 3 |  4- 6 |  7- 9 | 10-12 || total
-------------------------+-------+-------+-------+-------++-------
Melee: Dagger            |    52 |       |       |       ||    52
       War axe           |     3 |       |       |       ||     3
       Mace              |    37 |   177 |   205 |       ||   419
       Unarmed           |     3 |       |       |       ||     3
       Hand axe          |       |       |   160 |   333 ||   493
       Broad axe         |       |       |     6 |       ||     6
Throw: Dart              |       |       |    87 |    75 ||   162
  Use: Potion            |       |     1 |     1 |     4 ||     6
       Scroll            |       |       |    16 |     7 ||    23
Armor: Scale mail        |    43 |   135 |   314 |   218 ||   710
       Skin              |       |    10 |       |       ||    10
Dodge: Dodged            |    33 |   123 |   236 |   235 ||   627
Block: Buckler           |    20 |    43 |   111 |    82 ||   256

Table legend: (Time is in decaauts)
 A = Elapsed time spent in this place.
 B = Non-inter-level travel time spent in this place.
 C = Inter-level travel time spent in this place.
 D = Time resting spent in this place.
 E = Time spent auto-exploring this place.
 F = Levels seen in this place.
 G = Mean time per level.
                   A        B        C        D        E       F      G
               +--------+--------+--------+--------+--------+-----+--------+
         Total |  12248 |  11885 |    363 |   3293 |   6104 |  12 | 1020.7 |
       Dungeon |  11928 |  11588 |    340 |   3293 |   5842 |  11 | 1084.4 |
        Temple |    319 |    296 |     23 |      0 |    262 |   1 |  319.0 |
               +--------+--------+--------+--------+--------+-----+--------+

Top non-repeatable levels by time:
     D:4: 2236 daAuts
     D:8: 1403 daAuts
     D:5: 1337 daAuts
     D:2: 1082 daAuts
     D:7: 1065 daAuts
     D:1: 998 daAuts
     D:3: 971 daAuts
    D:10: 917 daAuts
     D:6: 842 daAuts
     D:9: 742 daAuts
    D:11: 331 daAuts
  Temple: 319 daAuts
